 Dungeon Crawl Stone Soup version 0.25.1-2-g60ff931df9 (webtiles) character file.

Game seed: 13165854847271398060

210 Almogavar the Cudgeler (level 5, -14/33 HPs)
             Began as a Gargoyle Fighter on Sept 19, 2020.
             Was an Initiate of Okawaru.
             Demolished by an ogre
             ... wielding a +0 giant spiked club
              (19 damage)
             ... on level 3 of the Dungeon on Sept 20, 2020.
             The game lasted 00:21:25 (3651 turns).

Almogavar the Cudgeler (Gargoyle Fighter)           Turns: 3651, Time: 00:21:26

Health: -14/33     AC: 12    Str: 21    XL:     5   Next: 87%
Magic:  5/5        EV:  8    Int:  8    God:    Okawaru [......]
Gold:   249        SH:  9    Dex:  9    Spells: 4/4 levels left

rFire    . . .     SeeInvis .   a - +0 flail
rCold    . . .     Gourm    .   c - +0 kite shield
rNeg     + + .     Faith    .   b - +0 scale mail
rPois    ∞         Spirit   .   (no helmet)
rElec    +         Reflect  .   (no cloak)
rCorr    +         Harm     .   (no gloves)
MR       .....                  y - +0 pair of boots
Stlth    ..........             (no amulet)
HPRegen  0.11/turn              i - ring of positive energy
MPRegen  0.09/turn              o - ring of resist corrosion

@: mighty
A: negative energy resistance 1, electricity resistance, unbreathing,
petrification resistance, rot immunity, AC +4
a: Renounce Religion


You were on level 3 of the Dungeon.
You worshipped Okawaru.
Okawaru was noncommittal.
You were not hungry.

You visited 2 branches of the dungeon, and saw 5 of its levels.

You collected 249 gold pieces.

Inventory:

Hand Weapons
 a - a +0 flail (weapon)
Missiles
 p - 15 bolts
Armour
 b - a +0 scale mail (worn)
 c - a +0 kite shield (worn)
 y - a +0 pair of boots (worn)
Jewellery
 i - a ring of positive energy (left hand)
 o - a ring of resist corrosion (right hand)
 w - an uncursed ring of flight
 z - an uncursed ring of ice
Wands
 t - a wand of enslavement (13)
 x - a wand of disintegration (18)
 B - a wand of flame (39)
Scrolls
 l - a scroll of blinking
 q - a scroll of fog
 s - 3 scrolls of remove curse {unknown}
 u - 2 scrolls of teleportation {unknown}
 A - a scroll of enchant weapon {unknown}
Potions
 d - 2 potions of might
 e - 2 potions of cancellation
 g - a potion of magic {unknown}
 h - a potion of stabbing
 j - 4 potions of curing {unknown}
 k - 2 potions of invisibility {unknown}
 m - a potion of heal wounds {unknown}
 n - 2 potions of haste {unknown}
 v - 2 potions of brilliance {unknown}
Comestibles
 f - 10 rations


   Skills:
 + Level 3.8 Fighting
 + Level 4.6 Maces & Flails
 + Level 3.8 Armour
 + Level 1.0 Dodging
 + Level 3.9 Shields


You had 4 spell levels left.
You didn't know any spells.
Your spell library was empty.

Dungeon Overview and Level Annotations

Branches:
Dungeon (4/15)             Temple (1/1) D:4

Altars:
Cheibriados
Fedhas
Gozag
Hepliaklqana
Kikubaaqudgha
Nemelex Xobeh
Okawaru
Qazlal
Ru
Sif Muna
Trog
Uskayaw
Vehumet
Xom
Yredelemnul
Zin
The Shining One


Innate Abilities, Weirdness & Mutations

You are resistant to torment.
Your stone body is resilient. (AC +4)
You are immune to poison.
You resist negative energy. (rN+)
You are resistant to electric shocks. (rElec)
You can survive without breathing.
You are immune to petrification.
You are immune to rotting.


Message History

The adder bites you.
Your shield and scale mail prevent you from hitting the adder.
The adder is almost dead.
The adder bites you. You block the adder's attack. The adder barely misses you.
The adder barely misses you. You block the adder's attack.
You hit the adder.
You kill the adder!
Okawaru accepts your kill.
You feel very mighty all of a sudden. You block the ogre's attack.
The ogre closely misses you.
The ogre hits you with a +0 giant spiked club!
* * * LOW HITPOINT WARNING * * *
You sock the ogre!
The ogre is moderately wounded.
The ogre hits you with a +0 giant spiked club!!
Ouch! That really hurt!
You die...

###
#.########################
#........................#
#.######################..
#.# #.# #.# ### ######.#
#.. #......######### #.#
#.#..........O@# #..
#.#.##########.# ### #.#.#
#.# #.. ###.#.# #.#
######## O...#.#
##.#########...# #.
#####.#
#.........##.#.###. # #.#
#.........##.#..... # #.#
#.........##.###### # #.#
##'#########.# ###


You could see an ogre.

Vanquished Creatures
  2 centaur skeletons (D:4)
  7 adders
  An ooze (D:4)
  3 worms
  A dart slug (D:1)
  3 leopard geckos
  3 orcs
  6 giant cockroaches
  9 goblins
  8 hobgoblins
  4 jackals (D:2)
  2 quokkas
  3 bats
  4 frilled lizards
  A jackal skeleton (D:4)
  7 kobolds
  2 quokka skeletons (D:4)
  5 rats
71 creatures vanquished.

Notes
Turn   | Place    | Note
-------+----------+-------------------------------------------
     0 | D:1      | Almogavar the Gargoyle Fighter began the quest for the Orb.
     0 | D:1      | Reached XP level 1. HP: 14/14 MP: 1/1
   264 | D:1      | Reached XP level 2. HP: 19/19 MP: 2/2
  1106 | D:2      | Reached XP level 3. HP: 14/24 MP: 3/3
  2083 | D:3      | Reached skill level 3 in Maces & Flails
  2083 | D:3      | Reached XP level 4. HP: 28/29 MP: 4/4
  2403 | D:3      | Found an opulent altar of Gozag.
  2963 | D:4      | Reached skill level 4 in Maces & Flails
  2963 | D:4      | Reached XP level 5. HP: 32/33 MP: 5/5
  3197 | D:4      | Reached skill level 1 in Dodging
  3466 | D:4      | Found a staircase to the Ecumenical Temple.
  3467 | D:4      | Noticed an ogre
  3477 | Temple   | Entered the Ecumenical Temple
  3531 | Temple   | Became a worshipper of Warmaster Okawaru
  3651 | D:3      | Demolished by an ogre

Illustrated notes

Levels and vault maps discovered:
D:1:      sevenhm_arrival_forest_fort_large_4, layout_basic
D:2:      layout_loops_ring, minmay_misc_feat_more_columns
D:3:      layout_basic, nicolae_gozag_cash_rules_everything_around_me,
          roderic_serpentine_path, serial_park_tiny_2, minmay_checkerbox
D:4:      layout_basic, minmay_temple_entry_grid, first_ration,
          minmay_starry_boxes
Temple:   compressed_dpeg_circular_temple

Skill      XL: |  1  2  3  4  5 |
---------------+----------------+-----
Maces & Flails | 3 4 |  4.6
Dodging        | 1 |  1.0
Fighting       | |  3.8
Armour         | |  3.8
Shields        | |  3.9

Action                   |  1- 3 |  4- 6 || total
-------------------------+-------+-------++-------
Melee: Flail             |   184 |   149 ||   333
  Use: Scroll            |     3 |     2 ||     5
       Potion            |       |     1 ||     1
  Eat: Chunk             |     4 |     5 ||     9
Armor: Scale mail        |    99 |    84 ||   183
Dodge: Dodged            |    56 |    61 ||   117
Block: Kite shield       |   105 |    77 ||   182
